 Dungeon Crawl Stone Soup version 0.27-a0-1532-gca18f49f40 (webtiles) character file.

Game seed: 5757254743012650399

19990 flotson the Nimble (level 12, -13/72 HPs)
             Began as a Deep Elf Delver on July 13, 2021.
             Was an Initiate of Gozag.
             Killed from afar by a salamander mystic (14 damage)
             ... with a bolt of magma
             ... in a volcano.
             The game lasted 00:39:10 (19144 turns).

flotson the Nimble (Deep Elf Delver)               Turns: 19144, Time: 00:39:10

Health: -13/72     AC: 12    Str: 19    XL:     12   Next: 41%
Magic:  0/26       EV: 18    Int: 17    God:    Gozag
Gold:   1076       SH:  6    Dex: 20    Spells: 19/28 levels left

rFire    . . .     SeeInvis .   a - +6 shillelagh "Devastator" {shatter}
rCold    . . .     Faith    .   M - +0 buckler
rNeg     . . .     Spirit   +   D - +3 leather armour
rPois    +         Reflect  .   p - +0 helmet
rElec    .         Harm     .   (no cloak)
rCorr    .         Rampage  .   h - +0 pair of gloves
Will     +....                  x - +2 pair of boots {Fly}
Stlth    +++.......             G - amulet of guardian spirit
HPRegen  0.22/turn              l - ring of poison resistance
MPRegen  0.20/turn              j - ring "Orympemi" {Str+6 Dex+4}

@: flying
A: no striking features
a: Renounce Religion, Potion Petition, Call Merchant, Bribe Branch


You were in a volcano.
You worshipped Gozag.
Gozag was most pleased with you.
You visited 3 branches of the dungeon, and saw 15 of its levels.
You also visited: Ossuary and Volcano.

You collected 2125 gold pieces.
You spent 975 gold pieces at shops.
You paid 74 gold pieces to Gozag.

Inventory:

Hand Weapons
 a - the +6 shillelagh "Devastator" (weapon) {shatter}
   (You bought it in a shop on level 4 of the Dungeon)
 b - a +0 hand crossbow
 S - a +1 war axe of flaming
 U - a +3 broad axe
Missiles
 k - 74 poisoned darts (quivered)
 v - 92 bolts
 y - 11 javelins
 Q - 2 throwing nets
 R - 3 silver javelins
Armour
 h - a +0 pair of gloves (worn)
 p - a +0 helmet (worn)
 x - a +2 pair of boots of flying (worn)
 D - a +3 leather armour (worn)
 M - a +0 buckler (worn)
Jewellery
 j - the ring "Orympemi" (right hand) {Str+6 Dex+4}
   (You bought it in a shop on level 4 of the Dungeon)

   [ring of strength]

   Str:       It affects your strength (+6).
   Dex:       It affects your dexterity (+4).
 l - a ring of poison resistance (left hand)
 q - a ring of resist corrosion
 G - an amulet of guardian spirit (around neck)
 N - a ring of protection from cold
Wands
 g - a wand of digging (3)
 E - a wand of paralysis (17)
 F - a wand of polymorph (9)
 V - a wand of acid (21)
Scrolls
 c - 5 scrolls of fog
 e - 2 scrolls of silence {unknown}
 i - 3 scrolls of teleportation {unknown}
 n - 2 scrolls of amnesia {unknown}
 r - 2 scrolls of noise {unknown}
 s - 3 scrolls of enchant weapon {unknown}
 u - 6 scrolls of fear
 w - 2 scrolls of acquirement {unknown}
 A - 2 scrolls of blinking {unknown}
 C - 2 scrolls of enchant armour {unknown}
 K - a scroll of summoning {unknown}
 L - a scroll of identify
 O - a scroll of holy word {unknown}
 W - a scroll of immolation {unknown}
Potions
 d - a potion of magic {unknown}
 f - 5 potions of haste
 m - 5 potions of brilliance
 o - 2 potions of might
 t - 2 potions of flight {unknown}
 z - a potion of heal wounds
 B - 7 potions of curing
 H - 3 potions of attraction
 I - 6 potions of lignification
 T - 7 potions of ambrosia
Miscellaneous
 P - a box of beasts (inert)
 X - a piece from Xom's chessboard (15/15)


   Skills:
 + Level 7.0 Fighting
 - Level 2.3(3.8) Axes
 + Level 4.3(4.5) Maces & Flails
 - Level 5.0 Crossbows
 + Level 5.0 Throwing
 + Level 6.4 Armour
 + Level 9.4 Dodging
 - Level 6.0 Stealth
 - Level 4.0 Shields
 + Level 8.9 Spellcasting
 - Level 7.0 Conjurations
 - Level 4.0 Hexes
 - Level 2.0 Ice Magic
 - Level 6.0 Evocations


You had 19 spell levels left.
You knew the following spells:

 Your Spells              Type           Power      Damage    Failure   Level
a - Magic Dart            Conj           100%       1d8       1%          1
b - Searing Ray           Conj           62%        3d5       1%          2
c - Fulminant Prism       Conj/Hex       13%        3d9       12%         4
d - Ensorcelled Hibernat  Hex/Ice        34%        N/A       4%          2

Your spell library contained the following spells:

 Spells                   Type           Power      Damage    Failure   Level
 Slow                     Hex            21%        N/A       3%          2
 Confusing Touch          Hex            21%        N/A       6%          3
 Sandblast                Erth           14%        2d6       11%         1
 Mephitic Cloud           Conj/Pois/Air  15%        N/A       13%         3
 Call Imp                 Summ           7%         N/A       17%         2
 Passwall                 Tmut/Erth      5%         N/A       17%         2
 Poisonous Vapours        Pois/Air       14%        N/A       17%         2
 Spider Form              Tmut/Pois      3%         N/A       32%         3
 Freezing Cloud           Conj/Ice/Air   8%         6-21      65%         5
 Yara's Violent Unravell  Hex/Tmut       7%         3d5       80%         5
 Lee's Rapid Deconstruct  Erth           3%         3d6*      97%         5
 Shadow Creatures         Summ           N/A        N/A       100%        6


Dungeon Overview and Level Annotations

Branches:
Dungeon (10/15)            Temple (1/1) D:6            Lair (4/6) D:9
  Swamp (0/4) Lair:4        Snake (0/4) Lair:4          Orc (0/2) D:9
Ossuary (visited)         Volcano (1/1)

Altars:
Ashenzari
Cheibriados
Dithmenos
Elyvilon
Fedhas
Gozag
Kikubaaqudgha
Makhleb
Nemelex Xobeh
Okawaru
Qazlal
Ru
Sif Muna
Trog
Uskayaw
Wu Jian
Xom
Yredelemnul
The Shining One

Shops:
D:1 [   D:4 **   D:8 *   D:9 =

Annotations:
D:5 Menkaure


Message History

You are too injured to fight recklessly!
Unknown command.
You are too injured to fight recklessly!
Unknown command.
You open the lid... ...and a juvenile firebat beast flies out!
The box is emptied!
The salamander misses you.
The salamander hits you from afar with a +0 trident!
* * * LOW HITPOINT WARNING * * *
You are engulfed in flames!
* * * LOW HITPOINT WARNING * * *
You block the salamander's attack.
You block the salamander mystic's attack.
The salamander hits you but does no damage.
You swap places.
Your juvenile firebat beast hits the salamander mystic.
The salamander misses you.
The salamander mystic hits you but does no damage.
The salamander hits something with a +0 glaive!
Something is engulfed in flames.
The salamander closely misses you.
You feel much better.
The salamander hits something with a +0 glaive!
Something is engulfed in flames!
The salamander hits you from afar with a +0 trident.
You are engulfed in flames!
* * * LOW HITPOINT WARNING * * *
The salamander mystic points at you and mumbles some strange words.
The bolt of magma hits you!!
* * * LOW HITPOINT WARNING * * *
The salamander hits your juvenile firebat beast but does no damage.
Your juvenile firebat beast hits the salamander!
The salamander hits your juvenile firebat beast with a +0 trident!
Your juvenile firebat beast is engulfed in flames!
Your juvenile firebat beast resists.
Your juvenile firebat beast dies!
Your juvenile firebat beast's corpse disappears in a puff of smoke!
The salamander mystic gestures at you while chanting.
The bolt of magma hits you!
You die...
Your body crumbles into a pile of gold.

..≈§§≈## !$∩≈§§≈# ##.)§≈○§#
#H$.≈§§○# #§≈§§○# # ###
##NN≈≈≈# ..###..###N##≈≈##
.§........## ###
§≈§≈≈≈...@#### ###
≈§≈§≈§§≈≈.....# #°##
≈≈≈§§§§≈§§§....# ##°°#
≈≈≈§≈§§§§≈§...## ##≈≈≈##
§≈≈§≈§§≈§§§....# ##≈≈≈≈≈#
≈≈≈≈§≈≈§≈....### ##≈≈..≈≈#
≈≈≈§§≈≈≈.......####.∩.....#
............###..#......###
#####...#### ###..#....#


You could see a salamander mystic and 2 salamanders.

Vanquished Creatures
  3 hydras
  2 centaur warriors (D:10)
  Erica (Lair:1)
  A death yak (D:8)
  2 two-headed ogres
  Urug (Lair:1)
  Nergalle (Lair:1)
  A manticore (D:10)
  A black mamba (Lair:2)
  4 cane toads
  3 komodo dragons
  3 trolls
  A queen bee (D:10)
  The ghost of nyamberluvr69 the Skirmisher, an amateur OpBe of Trog (D:4)
  2 shadows
  A wraith (D:9)
  2 humans (D:6)
  3 wyverns
  A basilisk (Lair:2)
  10 yaks
  A warg (D:9)
  2 vampire mosquitoes (D:10)
  7 water moccasins
  4 orc warriors
  A sky beast (D:8)
  An ice beast (D:7)
  3 ogres
  3 centaurs
  A phantom (D:7)
  An elf zombie (Ossuary)
  A kobold brigand (D:9)
  3 bullfrogs
  A gnoll sergeant (D:9)
  2 scorpions (D:7)
  A wyvern zombie (D:8)
  24 killer bees (D:10)
  4 howler monkeys
  A wight (D:10)
  5 centaur zombies
  A bullfrog zombie (D:5)
  6 jellies
  3 hounds (D:5)
  A human zombie (Ossuary)
  4 orc priests
  2 bullfrog skeletons
  A centaur skeleton (D:7)
  2 gnoll shamans
  7 orc wizards
  2 scorpion zombies (D:5)
  3 iguanas
  A hound zombie (D:5)
  A hound skeleton (D:4)
  3 mummies
  A howler monkey zombie (D:10)
  13 gnolls
  7 adders
  2 adder zombies (Ossuary)
  5 worms
  A dart slug (D:2)
  31 orcs
  10 ball pythons
  7 endoplasms
  18 giant cockroaches
  6 goblins
  11 hobgoblins
  4 jackals
  8 kobolds
  5 quokkas
  8 bats
  2 frilled lizards
  3 goblin zombies (Ossuary)
  12 hobgoblin zombies (Ossuary)
  A jackal zombie (Ossuary)
  9 kobold zombies
  6 orc zombies
  12 rats
  3 rat zombies (Ossuary)
332 creatures vanquished.

Vanquished Creatures (collateral kills)
  2 death yaks (D:9)
2 creatures vanquished.

Vanquished Creatures (others)
  An orc wizard (D:5)
  5 fungi
  9 plants
  5 withered plants (D:1)
20 creatures vanquished.

Grand Total: 354 creatures vanquished

Notes
Turn   | Place    | Note
-------+----------+-------------------------------------------
     0 | D:5      | flotson the Deep Elf Delver began the quest for the Orb.
     0 | D:5      | Reached XP level 1. HP: 13/13 MP: 3/3
    30 | D:5      | Noticed a hound
    54 | D:4      | Found Fifiak's Assorted Antiques.
   203 | D:4      | Reached XP level 2. HP: 12/18 MP: 4/4
   314 | D:3      | Found an ornate altar of the Wu Jian Council.
   371 | D:3      | Reached skill level 1 in Evocations
   528 | D:2      | Learned a level 1 spell: Magic Dart
   616 | D:2      | Reached XP level 3. HP: 9/22 MP: 5/5
   812 | D:2      | Found a glowing golden altar of the Shining One.
   999 | D:1      | Reached skill level 1 in Spellcasting
  1626 | D:1      | Found a faded altar of an unknown god.
  1737 | D:1      | Reached skill level 1 in Armour
  1842 | D:1      | Reached XP level 4. HP: 26/27 MP: 7/7
  2052 | D:1      | Found Yntil's Antique Armour Shoppe.
  2312 | D:2      | Reached skill level 3 in Dodging
  2606 | D:2      | Reached skill level 1 in Conjurations
  3277 | D:3      | Reached XP level 5. HP: 32/32 MP: 9/9
  3312 | D:3      | Found a glowing golden altar of the Shining One.
  3433 | D:3      | Noticed a water moccasin
  3436 | D:3      | Killed a water moccasin
  3437 | D:3      | Reached skill level 1 in Throwing
  3609 | D:3      | Reached XP level 6. HP: 37/37 MP: 11/11
  3971 | D:4      | Found Odumats's Mayhem Merchandise.
  3981 | D:4      | Learned a level 2 spell: Searing Ray
  4596 | D:4      | Found a stormy altar of Qazlal.
  4875 | D:4      | Reached skill level 1 in Crossbows
  4982 | D:4      | Found a runed translucent door.
  4982 | D:4      | Noticed nyamberluvr69's ghost (amateur OpBe)
  5191 | D:5      | Reached XP level 7. HP: 41/41 MP: 13/13
  5397 | D:5      | Noticed Menkaure
  5507 | D:5      | Reached skill level 4 in Dodging
  6106 | D:5      | Found a faded altar of an unknown god.
  6106 | D:5      | Found a shimmering altar of Xom.
  6125 | D:5      | Found a basalt altar of Yredelemnul.
  6127 | D:5      | Found a shadowy altar of Dithmenos.
  6129 | D:5      | Found a blossoming altar of Fedhas.
  6468 | D:6      | Reached XP level 8. HP: 17/48 MP: 12/16
  7039 | D:6      | Found a staircase to the Ecumenical Temple.
  7045 | Temple   | Entered the Ecumenical Temple
  7053 | Temple   | Became a worshipper of Gozag Ym Sagoz the Greedy
  7119 | D:6      | Reached skill level 5 in Dodging
  8122 | D:7      | Found a sand-covered staircase.
  8132 | Ossuary  | Entered an ossuary
  8981 | D:6      | Reached skill level 6 in Dodging
  8981 | D:6      | Reached skill level 5 in Evocations
  9378 | D:7      | Reached XP level 9. HP: 41/52 MP: 17/17
  9813 | D:7      | Learned a level 4 spell: Fulminant Prism
  9818 | D:8      | Found Byunammire's Assorted Antiques.
  9886 | D:8      | Noticed a two-headed ogre
 10010 | D:7      | Reached skill level 5 in Fighting
 10010 | D:7      | Reached skill level 1 in Hexes
 10460 | D:8      | Learned a level 2 spell: Ensorcelled Hibernation
 10889 | D:8      | Killed a two-headed ogre
 10890 | D:8      | Reached skill level 1 in Maces & Flails
 10890 | D:8      | Reached skill level 5 in Spellcasting
 10890 | D:8      | Reached skill level 1 in Ice Magic
 11138 | D:8      | Reached XP level 10. HP: 45/59 MP: 11/20
 11702 | D:8      | Reached skill level 7 in Dodging
 11702 | D:8      | Reached skill level 1 in Shields
 12478 | D:9      | Found Koskef's Jewellery Emporium.
 12610 | D:4      | Bought the +6 shillelagh "Devastator" {shatter} for 840
                  | gold pieces
 12610 | D:4      | Found the +6 shillelagh "Devastator" {shatter}
 12645 | D:4      | Killed nyamberluvr69's ghost
 12860 | D:9      | Found a hide-covered altar of Uskayaw.
 13143 | D:4      | Bought a crude bronze ring for 135 gold pieces
 13143 | D:4      | Identified the ring "Orympemi" {Str+6 Dex+4} (You bought it
                  | in a shop on level 4 of the Dungeon)
 13285 | D:9      | Found a staircase to the Orcish Mines.
 13581 | D:9      | Noticed a death yak
 13585 | D:9      | Noticed a death yak
 13586 | D:9      | Noticed a death yak
 13658 | D:8      | Killed a death yak
 13846 | D:9      | Killed a death yak
 13847 | D:9      | Reached skill level 5 in Armour
 13850 | D:9      | Killed a death yak
 13851 | D:9      | Reached skill level 5 in Conjurations
 14117 | D:9      | Found a staircase to the Lair.
 14145 | D:9      | Found a burning altar of Makhleb.
 14261 | D:9      | Found an iron altar of Okawaru.
 14366 | D:9      | Reached XP level 11. HP: 35/64 MP: 14/23
 14538 | D:9      | Found a snail-covered altar of Cheibriados.
 14588 | D:9      | Found a bloodstained altar of Trog.
 14686 | D:10     | Entered Level 10 of the Dungeon
 14746 | D:10     | Noticed a centaur warrior
 14759 | D:10     | Killed a centaur warrior
 14858 | D:10     | Noticed a six-headed hydra
 14868 | D:10     | Killed a six-headed hydra
 14869 | D:10     | Reached skill level 8 in Dodging
 16044 | D:10     | Noticed a two-headed ogre
 16050 | D:10     | Killed a two-headed ogre
 16298 | D:10     | Noticed a centaur warrior
 16307 | D:10     | Killed a centaur warrior
 16529 | Lair:1   | Entered Level 1 of the Lair of Beasts
 16572 | Lair:1   | Noticed Urug
 16588 | Lair:1   | Killed Urug
 16765 | Lair:1   | Noticed Erica
 16774 | Lair:1   | Killed Erica
 16775 | Lair:1   | Reached skill level 9 in Dodging
 16775 | Lair:1   | Reached XP level 12. HP: 61/71 MP: 21/26
 16854 | Lair:1   | Noticed Nergalle
 16878 | Lair:1   | Killed Nergalle
 17680 | Lair:2   | Noticed a six-headed hydra
 17687 | Lair:2   | Killed a six-headed hydra
 17767 | Lair:2   | Noticed an eight-headed hydra
 17770 | Lair:2   | Killed an eight-headed hydra
 18598 | Lair:2   | You are sucked into a shaft and drop 2 floors!
 18598 | Lair:4   | Noticed a five-headed hydra
 18637 | Lair:4   | Noticed a death yak
 18637 | Lair:4   | Noticed a death yak
 18638 | Lair:4   | Found a staircase to the Snake Pit.
 18638 | Lair:4   | Noticed a death yak
 18908 | Lair:3   | Reached skill level 5 in Crossbows
 18909 | Lair:3   | Reached skill level 5 in Throwing
 19027 | Lair:3   | Found a dark tunnel.
 19036 | Volcano  | Entered a volcano
 19142 | Volcano  | HP: 1/72 [salamander mystic/bolt of magma (19)]
 19144 | Volcano  | Killed from afar by a salamander mystic

Illustrated notes

Levels and vault maps discovered:
D:1:      ncdulo_lavacross, layout_loops_corners, serial_shops, shop,
          ebering_ecumenical_altar_petrified, minmay_pentomino_z4
D:2:      minmay_roachtagon, layout_loops_ring, basic_altar
D:3:      layout_rooms, nicolae_tso_carved_into_rock, lemuel_doored_altar,
          minmay_joined_circles
D:4:      layout_loops_ring, nicolae_qazlal_general_emergency,
          gammafunk_ghost_grave, serial_shops, shop, minmay_shop_mayhem
D:5:      layout_rooms, chequers_temple_overflow_minitemple,
          guppyfry_early_lair_pool, uniq_menkaure
D:6:      layout_basic, minmay_temple_entry_hall, minmay_ruffians
D:7:      layout_basic, nicolae_ossuary_entry_giza
D:8:      layout_rooms, serial_shops, nicolae_stop_n_shop_2, chequers_jeans,
          minmay_orc_keep
D:9:      layout_big_octagon, old_standard_altar, old_standard_altar,
          general_overflow_altar, trog_book, mainiacjoe_overflow_cross_hatched,
          dpeg_lair_monsters, david_orc_3, serial_shops, kennysheep_mini,
          hangedman_abyss_or_decor_lesser_grid
D:10:     kennysheep_ambush_hall, layout_basic, special_room [special_room_bee]
Temple:   eino_temple_lava
Lair:1:   layout_cave_pods, uniq_nergalle, uniq_urug, uniq_erica
Lair:2:   layout_cellular_growth, grunt_forest_small_clearing_treed,
          serial_bayou_shore_a, infiniplex_staircase_pool_2
Lair:3:   layout_long_grid, nicolae_volcano_entry_vermiform, lemuel_fruit_tree,
          infiniplex_staircase_pool
Lair:4:   layout_gridlike, palyth_hydra_swamp_entry,
          minmay_snake_entry_guardpost_small, tgw_fedhas
Volcano:  volcano_pools

Skill      XL: |  1  2  3  4  5  6  7  8  9 10 11 12 |
---------------+-------------------------------------+-----
Evocations     | 1 2 3 5 6 |  6.0
Spellcasting   | 1 2 3 4 5 6 8 |  8.9
Armour         | 1 2 3 4 5 6 |  6.4
Axes           | 2 |  2.3
Dodging        | 3 4 6 7 9 |  9.4
Conjurations   | 1 2 3 4 5 6 7 |  7.0
Fighting       | 3 4 5 6 7 |  7.0
Throwing       | 1 2 4 5 |  5.0
Crossbows      | 1 2 3 4 5 |  5.0
Hexes          | 3 4 |  4.0
Maces & Flails | 1 2 3 4 |  4.3
Ice Magic      | 2 |  2.0
Shields        | 3 4 |  4.0
Stealth        | |  6.0

Action                   |  1- 3 |  4- 6 |  7- 9 | 10-12 || total
-------------------------+-------+-------+-------+-------++-------
Melee: Hand axe          |    69 |       |    19 |       ||    88
       Dagger            |    63 |   153 |    73 |    35 ||   324
       Shillelagh        |       |       |       |   317 ||   317
 Fire: Hand crossbow     |       |    98 |   306 |       ||   404
Throw: Dart              |       |       |    21 |    25 ||    46
 Cast: Searing Ray       |       |       |    42 |    20 ||    62
       Magic Dart        |       |       |     2 |     1 ||     3
       Ensorcelled Hiber |       |       |       |     3 ||     3
Evoke: Wand              |       |       |     1 |     1 ||     2
       Box of beasts     |       |       |       |     2 ||     2
  Use: Scroll            |     2 |       |     6 |     3 ||    11
       Potion            |       |       |       |     1 ||     1
 Stab: Sleeping          |     9 |    15 |     3 |    10 ||    37
       Paralysed         |       |       |     2 |       ||     2
       Distracted        |       |       |       |     4 ||     4
Armor: Scale mail        |    69 |    13 |       |       ||    82
       Ring mail         |       |    72 |    21 |       ||    93
       Leather armour    |       |       |   113 |   129 ||   242
Dodge: Dodged            |    53 |   108 |   242 |   368 ||   771
Block: Buckler           |       |       |       |   122 ||   122

Table legend: (Time is in decaauts)
 A = Elapsed time spent in this place.
 B = Non-inter-level travel time spent in this place.
 C = Inter-level travel time spent in this place.
 D = Time resting spent in this place.
 E = Time spent auto-exploring this place.
 F = Levels seen in this place.
 G = Mean time per level.
                   A        B        C        D        E       F      G
               +--------+--------+--------+--------+--------+-----+--------+
         Total |  19397 |  18293 |   1104 |    588 |  14349 |  17 | 1141.0 |
       Dungeon |  16141 |  15058 |   1083 |    588 |  11676 |  10 | 1614.1 |
        Temple |     16 |      8 |      8 |      0 |      0 |   1 |   16.0 |
          Lair |   2513 |   2501 |     12 |      0 |   2205 |   4 |  628.2 |
       Ossuary |    616 |    616 |      0 |      0 |    376 |   1 |  616.0 |
       Volcano |    108 |    108 |      0 |      0 |     92 |   1 |  108.0 |
               +--------+--------+--------+--------+--------+-----+--------+

Top non-repeatable levels by time:
     D:8: 2097 daAuts
     D:6: 2038 daAuts
    D:10: 1828 daAuts
     D:7: 1808 daAuts
     D:9: 1644 daAuts
     D:4: 1642 daAuts
     D:2: 1542 daAuts
     D:5: 1362 daAuts
     D:1: 1273 daAuts
  Lair:1: 1140 daAuts
  Lair:2: 935 daAuts
     D:3: 903 daAuts
 Ossuary: 616 daAuts
  Lair:3: 373 daAuts
 Volcano: 108 daAuts
